 Dungeon Crawl Stone Soup version 0.29.1-15-g9cfb28693d (webtiles) character file.

Game seed: 10781498462002761669

60 Ast3rio the Trooper (level 3, -2/49 HPs)
             Began as a Minotaur Berserker on Mar 14, 2023.
             Was a Follower of Trog.
             Slain by a gnoll
             ... wielding a +0 club
              (5 damage)
             ... on level 2 of the Dungeon.
             The game lasted 00:01:42 (1263 turns).

Ast3rio the Trooper (Minotaur Berserker)            Turns: 1263, Time: 00:01:43

Health: -2/49      AC:  2    Str: 23    XL:     3   Next: 80%
Magic:  2/2        EV: 12    Int:  4    God:    Trog [*.....]
Gold:   71         SH:  0    Dex:  9    Spells: 2/2 levels left

rFire   . . .      SeeInvis .   a - +0 spear
rCold   . . .      Faith    .   (no shield)
rNeg    . . .      Spirit   .   b - +0 animal skin
rPois   .          Reflect  .   (helmet restricted)
rElec   .          Harm     .   (no cloak)
rCorr   .          Rampage  .   (no gloves)
Will    .....                   (no boots)
Stlth   ..........              (no amulet)
HPRegen 0.16/turn               (no ring)
MPRegen 0.08/turn               (no ring)

@: berserking, very quick
A: horns 2, retaliatory headbutt
a: Renounce Religion, Berserk


You were on level 2 of the Dungeon.
You worshipped Trog.
Trog was aware of your devotion.
You visited 1 branch of the dungeon, and saw 2 of its levels.

You collected 71 gold pieces.

Inventory:

Hand Weapons
 a - a +0 spear (weapon)
Armour
 b - a +0 animal skin (worn)
Scrolls
 d - 2 scrolls of identify {unknown}
 h - 2 scrolls of teleportation {unknown}
 i - a scroll of noise {unknown}
Potions
 c - a potion of lignification {unknown}
 e - a potion of heal wounds {unknown}
 f - a potion of flight {unknown}
 g - 2 potions of curing {unknown}


   Skills:
 + Level 4.2 Fighting
 + Level 4.2 Polearms
 + Level 3.3 Armour
 + Level 2.9 Dodging


You had 2 spell levels left.
You didn't know any spells.
Your spell library was empty.

Dungeon Overview and Level Annotations

Branches:
Dungeon (2/15)

Altars:


Innate Abilities, Weirdness & Mutations

You have a pair of horns on your head.
You reflexively headbutt those who attack you in melee.


Message History

There are monsters nearby!
There are monsters nearby!
The gnoll shouts!
Found a stone staircase leading down.
An adder comes into view.
You barely miss the gnoll.
The adder hisses angrily.
The adder misses you. You furiously retaliate!
You headbutt the adder! The gnoll hits you with a +0 club.
A gnoll comes into view. It is wielding a +0 flail.
You closely miss the adder.
The gnoll shouts!
Your headbutt misses the adder.
The adder is severely wounded.
The adder bites you.
You closely miss the adder. You headbutt the adder.
You kill the adder!
Trog accepts your kill. The gnoll hits you with a +0 club.
You are too injured to fight recklessly!
You are too injured to fight recklessly!
You are too injured to fight recklessly!
You are too injured to fight recklessly!
You are too injured to fight recklessly!
You are too injured to fight recklessly!
You hit the gnoll.
The gnoll is moderately wounded.
The gnoll hits you with a +0 club. The gnoll barely misses you.
You closely miss the gnoll. Your headbutt misses the gnoll.
The gnoll is moderately wounded.
The gnoll hits you with a +0 club!
* * * LOW HITPOINT WARNING * * *
A gnoll comes into view. It is wielding a +0 spear.
The gnoll hits you with a +0 club.
* * * LOW HITPOINT WARNING * * *
A red film seems to cover your vision as you go berserk!
You feel yourself moving faster!
You feel mighty!
The gnoll shouts!
The gnoll barely misses you. The gnoll hits you with a +0 club.
You die...

#.# # #. #.# .
#. #.# .# #.
#.# #.##
#.###.##... #
....>... .g.
#.##..#...##
###.##@gg....#
#.....#g####.#
# #.###.#.#
#.##.# #.#.#
#....###.#..
####...##...
##.## .≈≈≈ #.#
≈≈§≈ #.# §§


You could see 4 gnolls.

Vanquished Creatures
  2 adders (D:2)
  4 dart slugs (D:1)
  2 ball pythons
  3 bats
  An endoplasm (D:1)
  3 giant cockroaches (D:1)
  5 goblins
  6 hobgoblins
  2 frilled lizards (D:1)
  2 kobolds (D:2)
30 creatures vanquished.

Notes
Turn   | Place    | Note
-------+----------+-------------------------------------------
     0 | D:1      | Ast3rio the Minotaur Berserker began the quest for the Orb.
     0 | D:1      | Reached XP level 1. HP: 19/19 MP: 0/0
   116 | D:1      | Reached XP level 2. HP: 21/27 MP: 1/1
   665 | D:1      | Reached XP level 3. HP: 16/33 MP: 2/2
  1263 | D:2      | Slain by a gnoll

Illustrated notes

Levels and vault maps discovered:
D:1:      shiori_arrival_maze, layout_loops_cross
D:2:      layout_loops_ring, serial_shops, nicolae_lakefront_shop, basic_altar

Skill      XL: |  1  2 |
---------------+-------+-----
Fighting       | 4 |  4.2
Polearms       | 4 |  4.2
Armour         | 3 |  3.3
Dodging        | |  2.9

Action                   || total
-------------------------++-------
Melee: Spear             ||    81
       Headbutt          ||     9
       Punch             ||     2
Invok: Berserk           ||     1
 Stab: Sleeping          ||     3
Armor: Animal skin       ||     9
Dodge: Dodged            ||    33
